 Dungeon Crawl Stone Soup version 0.31-a0-705-ga145531891 (webtiles) character file.

Game seed: 16453970338882297963

23 qw the Shooter (level 2, -3/17 HPs)
             Began as a Gargoyle Hunter on Sept 9, 2023.
             Slain by a worm (4 damage)
             ... on level 2 of the Dungeon.
             The game lasted 00:00:18 (958 turns).

qw the Shooter (Gargoyle Hunter)                     Turns: 958, Time: 00:00:19

Health: -3/17      AC:  7    Str: 14    XL:     2   Next: 95%
Magic:  2/2        EV: 10    Int:  9    God:
Gold:   62         SH:  0    Dex: 13    Spells: 1/1 levels left

rFire   . . .        Y - +0 shortbow
rCold   . . .        (shield currently unavailable)
rNeg    + . .        e - +0 ring mail
rPois   inf          (no helmet)
rElec   +            (no cloak)
rCorr   .            (no gloves)
SInv    .            (no boots)
Will    .....        (no amulet)
Stlth   +            (no ring)
HPRegen 0.22/turn    (no ring)
MPRegen 0.08/turn

%: no passive effects
@: no status effects
A: sickness immunity, AC +2, negative energy resistance 1, electricity
resistance, torment resistance 1, petrification resistance
a: no special abilities


You were on level 2 of the Dungeon.
You visited 1 branch of the dungeon, and saw 2 of its levels.

You collected 62 gold pieces.


Innate Abilities, Weirdness & Mutations

You are immune to sickness and miasma.
Your stone body is resilient. (AC +2)
You are immune to poison.
You resist negative energy. (rN+)
You are resistant to electric shocks. (rElec)
You are resistant to unholy torment.
You are immune to petrification.


   Skills:
 - Level 2.1 Fighting
 - Level 4.8 Ranged Weapons
 + Level 0.3 Armour
 - Level 1.5 Dodging
 - Level 1.1 Stealth


You had one spell level left.
You didn't know any spells.
Your spell library was empty.

Inventory:

Hand Weapons
 Y - a +0 shortbow (weapon)
Armour
 e - a +0 ring mail (worn)
Potions
 d - a potion of berserk rage {unknown}

Dungeon Overview and Level Annotations

Branches:
Dungeon (2/15)

Altars:

Shops:
D:1 [:(!


Message History

You now have 62 gold pieces (gained 19).
Found a stone staircase leading down.
Found a stone staircase leading up.
There is a stone staircase leading up here.
A hobgoblin comes into view.
The hobgoblin shouts!
You shoot an arrow.
The arrow hits the hobgoblin but does no damage.
You hear a shout!
A kobold comes into view. It is wielding a +0 short sword.
A worm comes into view.
You shoot an arrow. The arrow closely misses the kobold.
You shoot an arrow. The arrow hits the kobold!
You kill the kobold!
You shoot an arrow. The arrow hits the worm.
The worm is moderately wounded.
The hobgoblin hits you but does no damage.
You shoot an arrow. The arrow hits the worm.
The worm is moderately wounded.
The worm bites you. The hobgoblin hits you.
You shoot an arrow. The arrow hits the worm!
The worm is severely wounded.
The hobgoblin barely misses you. The worm bites you!
You shoot an arrow. The arrow hits the worm.
The worm is severely wounded.
The hobgoblin hits you but does no damage.
The worm closely misses you.
You shoot an arrow. The arrow barely misses the worm.
The hobgoblin hits you but does no damage. x2
You shoot an arrow. The arrow barely misses the worm.
The worm barely misses you. The hobgoblin hits you.
You shoot an arrow. The arrow hits the worm!
The worm is almost dead.
The hobgoblin completely misses you. The worm barely misses you.
You shoot an arrow.
The arrow hits the worm but does no damage.
The worm is almost dead.
The hobgoblin hits you but does no damage.
The worm bites you.
You die...

.. .# ## .. ...
##. ##..>. ..8.
... .....#
8....##.# #..>.#
8P....wg#
#....####### #@#
#.........# #.#
#[........#
#.######.........#
#..<##...........#
###....#.<.......#
#...##.........#
#.#..........###
...###........#
...### #........#


You could see a worm and a hobgoblin.

Vanquished Creatures
  2 bats (D:1)
  An endoplasm (D:2)
  2 giant cockroaches (D:1)
  4 hobgoblins (D:1)
  4 ball pythons (D:1)
  A frilled lizard (D:1)
  2 goblins (D:1)
  3 kobolds
  A rat (D:1)
20 creatures vanquished.

Notes
Turn   | Place    | Note
-------+----------+-------------------------------------------
     0 | D:1      | qw the Gargoyle Hunter began the quest for the Orb.
     0 | D:1      | Reached XP level 1. HP: 12/12 MP: 1/1
     0 | D:1      | 0 ||| qw: Version: 0.3-a-80-g6052c40
     0 | D:1      | 0 ||| qw: Game counter: 1325
     0 | D:1      | 0 ||| qw: Melee chars always use a shield: true
     0 | D:1      | 0 ||| qw: God list: Okawaru
     0 | D:1      | 0 ||| qw: Allow faded altars: false
     0 | D:1      | 0 ||| qw: Do Orc after clearing Dungeon:15 true
     0 | D:1      | 0 ||| qw: Do second Lair branch before Depths: true
     0 | D:1      | 0 ||| qw: Lair rune preference: random
     0 | D:1      | 0 ||| qw: Goals: Normal
     0 | D:1      | 0 ||| PLANNING D:1-11
   126 | D:1      | Reached XP level 2. HP: 17/17 MP: 2/2
   237 | D:1      | Found Herphyud's Weapon Boutique.
   246 | D:1      | 246 ||| DROPPING scroll of butterflies.
   441 | D:1      | Found Dyoc's Distillery.
   447 | D:1      | 447 ||| SHOPLISTING 2 potions of haste (240 gold, have 11).
   447 | D:1      | 447 ||| SHOPLISTING potion of curing (36 gold, have 11).
   447 | D:1      | 447 ||| SHOPLISTING potion of enlightenment (60 gold, have
                  | 11).
   447 | D:1      | 447 ||| SHOPLISTING potion of haste (120 gold, have 11).
   447 | D:1      | 447 ||| SHOPLISTING potion of heal wounds (60 gold, have
                  | 11).
   447 | D:1      | 447 ||| SHOPLISTING potion of resistance (120 gold, have
                  | 11).
   622 | D:1      | Found Luithreha's Book Boutique.
   673 | D:1      | Found Novuz's Armour Shoppe.
   677 | D:1      | 677 ||| SHOPLISTING +0 pair of boots (49 gold, have 43).
   677 | D:1      | 677 ||| SHOPLISTING +1 hat (121 gold, have 43).
   677 | D:1      | 677 ||| SHOPLISTING +2 cloak of preservation (236 gold,
                  | have 43).
   677 | D:1      | 677 ||| SHOPLISTING +2 leather armour of the Morning {-Tele
                  | rElec Stlth+} (239 gold, have 43).
   889 | D:1      | 889 ||| UPGRADING to +0 ring mail.
   899 | D:1      | 899 ||| DROPPING +0 leather armour.
   900 | D:1      | 900 ||| READING scroll labelled QABAKAIMPI.
   901 | D:1      | 901 ||| READING scroll labelled DAPTOD SAA.
   953 | D:2      | HP: 2/17 [worm (8)]
   958 | D:2      | Slain by a worm

Levels and vault maps discovered:
D:1:      mushboom_english_gardens, layout_basic, serial_shops,
          nicolae_shop_trees, nicolae_shop_tiny_glass,
          nicolae_book_shop_shelving, shop, serial_curves, eino_curves_03,
          eino_curves_01
D:2:      layout_rooms, serial_undead, serial_undead_c, serial_undead_d,
          serial_undead_a, serial_undead_c

Action                     || total
---------------------------++-------
   Fire: Shortbow          ||    79
    Use: Scroll            ||     2
 Armour: Leather armour    ||    18
         Ring mail         ||    10
  Dodge: Dodged            ||    29

Table legend:
 A = Non-vault XP
 B = Vault XP
 C = Vault XP percentage of total XP
 D = Non-vault monster count
 E = Vault monster count
 F = Vault count percentage of total count
                 A         B        C        D         E       F
            +---------+---------+-------+---------+---------+-------
      Total |      33 |       0 |   0.0 |      20 |       0 |   0.0
            +---------+---------+-------+---------+---------+-------
        D:1 |      30 |       0 |   0.0 |      18 |       0 |   0.0
        D:2 |       3 |       0 |   0.0 |       2 |       0 |   0.0
            +---------+---------+-------+---------+---------+-------
